 Dungeon Crawl Stone Soup version 0.20.0-8-g6b59dc7 (webtiles) character file.

48 dest the Skirmisher (level 3, -1/29 HPs)
             Began as a Demonspawn Chaos Knight on May 31, 2017.
             Slain by Natasha (2 damage)
             ... on level 2 of the Dungeon.
             The game lasted 00:06:47 (1064 turns).

dest the Skirmisher (Demonspawn Chaos Knight)       Turns: 1064, Time: 00:06:48

Health: -1/29      AC:  7    Str: 13    XL:     3   Next: 50%
Magic:  0/3        EV:  9    Int: 13    God:    Xom [..*...]
Gold:   61         SH:  0    Dex: 12    Spells: 2/2 levels left

rFire    . . .     SeeInvis .   a - +0 mace (chaos)
rCold    . . .     Gourm    .   (no shield)
rNeg     . . .     Faith    .   h - +0 scale mail
rPois    .         Spirit   +   (no helmet)
rElec    .         Reflect  .   (no cloak)
rCorr    .         Harm     .   (no gloves)
MR       .....                  d - +0 pair of boots
Stlth    ..........             (no amulet)
Regen    0.1/turn               (no ring)
MPRegen  0.1/turn               (no ring)

@: no status effects
A: powered by death 1, magic shield
a: Renounce Religion


You were on level 2 of the Dungeon.
You worshipped Xom.
You were a toy of Xom.
You were not hungry.

You visited 1 branch of the dungeon, and saw 2 of its levels.

You collected 61 gold pieces.

Inventory:

Hand Weapons
 a - a +0 mace of chaos (weapon)
 e - a +1 mace of protection
 k - a cursed -3 hunting sling
 l - a cursed -1 whip
 p - a +0 dagger
Armour
 b - a +2 leather armour
 d - a +0 pair of boots (worn)
 h - a +0 scale mail (worn)
 n - a +0 plate armour
Jewellery
 q - a +1 ring of evasion {unknown}
Scrolls
 i - a scroll of amnesia {unknown}
 j - a scroll of noise {unknown}
 o - a scroll of teleportation {unknown}
Potions
 f - a potion of heal wounds {unknown}
Comestibles
 c - 2 bread rations
 g - a meat ration
 m - 4 chunks of flesh
 r - 3 fruits


   Skills:
 + Level 3.3 Fighting
 + Level 3.1 Maces & Flails
 + Level 2.1 Armour
 + Level 1.8 Dodging


You had 2 spell levels left.
You didn't know any spells.

Dungeon Overview and Level Annotations

Branches:
Dungeon (2/15)

Altars:

Annotations:
D:2 Natasha


Innate Abilities, Weirdness & Mutations

You regenerate a little health from kills.
When hurt, damage is shared between your health and your magic reserves.


Message History

* * * LOW HITPOINT WARNING * * *
You barely miss Natasha.
Natasha is almost dead.
Natasha mumbles some strange words.
Natasha barely misses you. Natasha barely misses you.
The white imp hits you but does no damage.
You closely miss Natasha.
Natasha is severely wounded.
Natasha stares at you and mumbles some strange words.
You resist with significant effort.
Natasha stares at you and mumbles some strange words.
The magic dart hits you!
* * * LOW HITPOINT WARNING * * *
The white imp misses you.
Some of the chunks of flesh in your inventory have rotted away.
Natasha howls an incantation.
You feel disoriented. Natasha claws you.
You die...

#.##.....# #.
#.##8.... #.#####
#.########
+.#...#####.# #.....
#........##.###.####
#...................
#.#...##..#...#.#...
#.....###.###.#.####
+..@..# #..##.#.#...
#.5h..# ##....#.#.##
......#...#
..#.#.#.#.
#####.#...#
..###.#.#. # #...#
#.# .#.#. #...# #...
....# #### ###.# #
.. #


You could see Natasha and a white imp.

Vanquished Creatures
  2 adder skeletons (D:2)
  A dart slug (D:1)
  3 leopard geckos (D:1)
  3 bat skeletons (D:2)
  A giant cockroach (D:1)
  2 goblins
  4 hobgoblins
  4 jackals (D:1)
  3 kobolds (D:1)
  A quokka (D:2)
  5 bats
  A frilled lizard (D:1)
  3 rats
33 creatures vanquished.

Notes
Turn   | Place    | Note
-------+----------+-------------------------------------------
     0 | D:1      | dest the Demonspawn Chaos Knight began the quest for the Orb.
     0 | D:1      | Reached XP level 1. HP: 18/18 MP: 1/1
    98 | D:1      | Gained mutation: You regenerate a little health from kills. [demonic ancestry]
    98 | D:1      | Reached XP level 2. HP: 13/24 MP: 2/2
   157 | D:1      | XOM: divination: detect items
   364 | D:1      | XOM: divination: detect creatures
   415 | D:1      | XOM: silly message
   444 | D:1      | XOM: silly message
   456 | D:1      | Reached skill level 1 in Dodging
   460 | D:1      | XOM: smoke on damage
   616 | D:1      | Gained mutation: When hurt, damage is shared between your health and your magic reserves. [demonic ancestry]
   616 | D:1      | Reached XP level 3. HP: 29/29 MP: 3/3
  1046 | D:2      | Noticed Natasha
  1063 | D:2      | HP: 1/29 [Natasha/magic dart (4)]
  1064 | D:2      | Slain by Natasha

Skill      XL: |  1  2 |
---------------+-------+-----
Maces & Flails | 3 |  3.1
Armour         | 2 |  2.1
Dodging        | 1 |  1.8
Fighting       | |  3.3

Action                   || total
-------------------------++-------
Melee: Mace              ||   118
  Use: Scroll            ||     1
       Potion            ||     1
  Eat: Chunk             ||     1
Armor: Leather armour    ||    15
       Scale mail        ||    67
Dodge: Dodged            ||   121
